A+ - U26
MODESTO NUTS @ SAN JOSE GIANTS
07/07/2061
 
TOP OF THE 1ST
Modesto Nuts batting - Pitching for Visalia Rawhide : RHP Ollie Bacerra
Pitching: RHP Ollie Bacerra
Batting: RHB Eric McLearn 0-0: Fly out, F2 (Popup, 23F, EV 77.5 MPH)
Batting: SHB Julian Estrella 0-0: Swinging Strike
0-1: Ball
1-1: Ball
2-1: Ground out 1-3 (Groundball, 13S, EV 73.8 MPH)
Batting: LHB Luis Zapata 0-0: Foul Ball, location: 2F
0-1: Ball
1-1: Ball
2-1: Fly out, F7 (Flyball, 7S, EV 90.0 MPH)
Top of the 1st over - 0 runs, 0 hits, 0 errors, 0 left on base; Modesto 0 - Visalia 0
BOTTOM OF THE 1ST
Visalia Rawhide batting - Pitching for Modesto Nuts : RHP Carlos Alanis
Pitching: RHP Carlos Alanis
Batting: RHB Killian Goode 0-0: Swinging Strike
0-1: Ball
1-1: Ball
2-1: Foul Ball, location: 2F
2-2: Ball
3-2: Strikes out swinging
Batting: LHB Ashton Flower 0-0: Ground out 4-3 (Groundball, 4, EV 81.2 MPH)
Batting: RHB T.J. Mercado 0-0: Foul Ball, location: 2F
0-1: Fly out, F8 (Flyball, 89XD, EV 96.2 MPH)
Bottom of the 1st over - 0 runs, 0 hits, 0 errors, 0 left on base; Modesto 0 - Visalia 0
TOP OF THE 2ND
Modesto Nuts batting - Pitching for Visalia Rawhide : RHP Ollie Bacerra
Batting: SHB Christian Robinson 0-0: Ball
1-0: Called Strike
1-1: SINGLE (Flyball, 8RS, EV 91.9 MPH)
Batting: RHB Leonardo Castillo 0-0: Swinging Strike
0-1: Fly out, F9 (Flyball, 89XD, EV 95.6 MPH)
Batting: SHB Patrick D'Autremont 0-0: Ball
1-0: Called Strike
1-1: Ball
2-1: Ball
3-1: Base on Balls
Christian Robinson to second
Batting: SHB Oliver Pineda 0-0: Ball
1-0: Foul Ball, location: 2F
1-1: Fielders Choice at 2nd, 4-6 (Groundball, 4, EV 101.9 MPH)
Christian Robinson to third
Batting: RHB Alex Johnson 0-0: Ball
1-0: Fly out, F9 (Line Drive, 9, EV 87.5 MPH)
Top of the 2nd over - 0 runs, 1 hit, 0 errors, 2 left on base; Modesto 0 - Visalia 0
BOTTOM OF THE 2ND
Visalia Rawhide batting - Pitching for Modesto Nuts : RHP Carlos Alanis
Batting: RHB Damian Estabrook 0-0: SINGLE (Line Drive, 34D, EV 93.8 MPH)
Batting: LHB Gator Goforth 0-0: Called Strike
0-1: Foul Ball, location: 2F
0-2: Strikes out swinging
Batting: RHB Daniel Franzen 0-0: Ball
1-0: Swinging Strike
Damian Estabrook steals 2nd base
1-1: Swinging Strike
1-2: Strikes out swinging
Batting: LHB Rich Blanco 0-0: Foul Ball, location: 2F
0-1: Called Strike
0-2: Ball
Wild Pitch!
Damian Estabrook to third
1-2: Strikes out swinging
Bottom of the 2nd over - 0 runs, 1 hit, 0 errors, 1 left on base; Modesto 0 - Visalia 0
TOP OF THE 3RD
Modesto Nuts batting - Pitching for Visalia Rawhide : RHP Ollie Bacerra
Batting: RHB Alberto Torres 0-0: Ground out 6-3 (Groundball, 6S, EV 93.1 MPH)
Batting: RHB Eric McLearn 0-0: Ball
1-0: SINGLE (Line Drive, 7S, EV 103.8 MPH)
Batting: SHB Julian Estrella 0-0: Ball
1-0: Called Strike
Eric McLearn steals 2nd base
1-1: Ground out 1-3 (Groundball, 13, EV 70.0 MPH)
Eric McLearn to third
Batting: LHB Luis Zapata 0-0: Ball
1-0: Foul Ball, location: 2F
1-1: Ball
2-1: Swinging Strike
2-2: Ground out U3 (Groundball, 34, EV 109.4 MPH)
Top of the 3rd over - 0 runs, 1 hit, 0 errors, 1 left on base; Modesto 0 - Visalia 0
BOTTOM OF THE 3RD
Visalia Rawhide batting - Pitching for Modesto Nuts : RHP Carlos Alanis
Batting: RHB Darrel Gunter 0-0: Called Strike
0-1: Ball
1-1: Ball
2-1: Ball
3-1: Foul Ball, location: 2F
3-2: Fly out, F7 (Flyball, 7LS, EV 76.9 MPH)
Batting: RHB Donall Saddler 0-0: Foul Ball, location: 2F
0-1: Swinging Strike
0-2: Ball
1-2: Foul Ball, location: 2F
1-2: Foul Ball, location: 2F
1-2: Foul Ball, location: 2F
1-2: Ground out 6-3 (Groundball, 6, EV 105.0 MPH)
Batting: RHB Killian Goode 0-0: Ground out 5-3 (Groundball, 5, EV 110.0 MPH)
Bottom of the 3rd over - 0 runs, 0 hits, 0 errors, 0 left on base; Modesto 0 - Visalia 0
TOP OF THE 4TH
Modesto Nuts batting - Pitching for Visalia Rawhide : RHP Ollie Bacerra
Batting: SHB Christian Robinson 0-0: SOLO HOME RUN (Flyball, 9LD, EV 93.1 MPH), Distance : 329 ft
Batting: RHB Leonardo Castillo 0-0: Ball
1-0: Swinging Strike
1-1: Ball
2-1: Ball
3-1: Base on Balls
Batting: SHB Patrick D'Autremont 0-0: Fly out, F7 (Line Drive, 7, EV 100.0 MPH)
Batting: SHB Oliver Pineda 0-0: Ball
1-0: Ball
2-0: Foul Ball, location: 2F
2-1: Ball
3-1: Foul Ball, location: 2F
3-2: Base on Balls
Leonardo Castillo to second
Batting: RHB Alex Johnson 0-0: SINGLE (Line Drive, 8LS, EV 106.2 MPH)
Leonardo Castillo to third
Oliver Pineda to second
Batting: RHB Alberto Torres 0-0: Called Strike
0-1: Called Strike
0-2: SINGLE (Groundball, 6MD, EV 95.6 MPH)
Leonardo Castillo scores
Oliver Pineda to third
Alex Johnson to second
Batting: RHB Eric McLearn 0-0: Grounds into double play, 6-4-3 (Groundball, 6, EV 82.5 MPH)
Top of the 4th over - 2 runs, 3 hits, 0 errors, 2 left on base; Modesto 2 - Visalia 0
BOTTOM OF THE 4TH
Visalia Rawhide batting - Pitching for Modesto Nuts : RHP Carlos Alanis
Batting: LHB Ashton Flower 0-0: Ball
1-0: Foul Ball, location: 2F
1-1: Ball
2-1: Swinging Strike
2-2: Strikes out looking
Batting: RHB T.J. Mercado 0-0: Ball
1-0: Ground out 6-3 (Groundball, 6, EV 90.0 MPH)
Batting: RHB Damian Estabrook 0-0: Ground out 6-3 (Groundball, 6M, EV 100.0 MPH)
Bottom of the 4th over - 0 runs, 0 hits, 0 errors, 0 left on base; Modesto 2 - Visalia 0
TOP OF THE 5TH
Modesto Nuts batting - Pitching for Visalia Rawhide : RHP Ollie Bacerra
Batting: SHB Julian Estrella 0-0: Called Strike
0-1: Fly out, F7 (Flyball, 7S, EV 91.2 MPH)
Batting: LHB Luis Zapata 0-0: Called Strike
0-1: Ball
1-1: Ball
2-1: Called Strike
2-2: Strikes out looking
Batting: SHB Christian Robinson 0-0: Ball
1-0: Ground out 5-3 (Groundball, 5L, EV 105.6 MPH)
Top of the 5th over - 0 runs, 0 hits, 0 errors, 0 left on base; Modesto 2 - Visalia 0
BOTTOM OF THE 5TH
Visalia Rawhide batting - Pitching for Modesto Nuts : RHP Carlos Alanis
Batting: LHB Gator Goforth 0-0: Ball
1-0: Ground out 4-3 (Groundball, 4, EV 104.4 MPH)
Batting: RHB Daniel Franzen 0-0: Called Strike
0-1: Ball
1-1: Ball
2-1: SINGLE (Line Drive, 8LS, EV 102.5 MPH)
Batting: LHB Rich Blanco 0-0: Called Strike
0-1: Ball
1-1: Ball
2-1: Ball
3-1: Called Strike
3-2: Fielders Choice at 2nd, 3-6 (Groundball, 3, EV 86.9 MPH)
Batting: RHB Darrel Gunter 0-0: Called Strike
Rich Blanco is caught stealing 2nd base 2-4
Bottom of the 5th over - 0 runs, 1 hit, 0 errors, 0 left on base; Modesto 2 - Visalia 0
TOP OF THE 6TH
Modesto Nuts batting - Pitching for Visalia Rawhide : RHP Ollie Bacerra
Batting: RHB Leonardo Castillo 0-0: Called Strike
0-1: Foul Ball, location: 2F
0-2: Foul Ball, location: 2F
0-2: Ball
1-2: Ground out 6-3 (Groundball, 6S, EV 86.2 MPH)
Batting: SHB Patrick D'Autremont 0-0: Ball
1-0: Called Strike
1-1: Ball
2-1: Swinging Strike
2-2: Strikes out swinging
Batting: SHB Oliver Pineda 0-0: Ball
1-0: Ball
2-0: Ball
3-0: Called Strike
3-1: Base on Balls
Batting: RHB Alex Johnson 0-0: Called Strike
0-1: SINGLE (Groundball, 34D, EV 102.5 MPH)
Oliver Pineda to second
Runner from 2nd tries for 3rd, SAFE, no throw by RF
Batting: RHB Alberto Torres 0-0: Called Strike
0-1: Called Strike
0-2: Foul Ball, location: 2F
0-2: Strikes out swinging
Top of the 6th over - 0 runs, 1 hit, 0 errors, 2 left on base; Modesto 2 - Visalia 0
BOTTOM OF THE 6TH
Visalia Rawhide batting - Pitching for Modesto Nuts : RHP Carlos Alanis
Batting: RHB Darrel Gunter 0-0: Fly out, F8 (Flyball, 8LD, EV 99.4 MPH)
Batting: RHB Donall Saddler 0-0: Ground out 6-3 (Groundball, 6, EV 98.1 MPH)
Batting: RHB Killian Goode 0-0: Called Strike
0-1: Called Strike
0-2: Foul Ball, location: 2F
0-2: Foul Ball, location: 2F
0-2: Ball
1-2: Ball
2-2: Foul Ball, location: 2F
2-2: Strikes out looking
Bottom of the 6th over - 0 runs, 0 hits, 0 errors, 0 left on base; Modesto 2 - Visalia 0
TOP OF THE 7TH
Modesto Nuts batting - Pitching for Visalia Rawhide : RHP Ollie Bacerra
Batting: RHB Eric McLearn 0-0: Ball
1-0: Foul Ball, location: 2F
1-1: Ball
2-1: Ball
3-1: TRIPLE (Flyball, 78XD, EV 109.4 MPH)
Batting: SHB Julian Estrella 0-0: Ground out 4-3 (Groundball, 4, EV 93.1 MPH)
Eric McLearn scores
Batting: LHB Luis Zapata 0-0: Swinging Strike
0-1: Swinging Strike
0-2: Ball
1-2: Ball
2-2: SOLO HOME RUN (Flyball, 9D, EV 90.6 MPH), Distance : 351 ft
Batting: SHB Christian Robinson 0-0: Fly out, F9 (Flyball, 89S, EV 86.2 MPH)
Batting: RHB Leonardo Castillo 0-0: Called Strike
0-1: Ball
1-1: Swinging Strike
1-2: Strikes out looking
Top of the 7th over - 2 runs, 2 hits, 0 errors, 0 left on base; Modesto 4 - Visalia 0
BOTTOM OF THE 7TH
Visalia Rawhide batting - Pitching for Modesto Nuts : RHP Carlos Alanis
Batting: LHB Ashton Flower 0-0: Ball
1-0: Called Strike
1-1: Ball
2-1: Fly out, F7 (Flyball, 78D, EV 96.2 MPH)
Batting: RHB T.J. Mercado 0-0: Fly out, F9 (Line Drive, 9, EV 87.5 MPH)
Batting: RHB Damian Estabrook 0-0: Swinging Strike
0-1: Foul Ball, location: 2F
0-2: Ball
1-2: Foul Ball, location: 2F
1-2: Ball
2-2: Ground out 6-3 (Groundball, 6M, EV 92.5 MPH)
Bottom of the 7th over - 0 runs, 0 hits, 0 errors, 0 left on base; Modesto 4 - Visalia 0
TOP OF THE 8TH
Modesto Nuts batting - Pitching for Visalia Rawhide : RHP Ollie Bacerra
Batting: SHB Patrick D'Autremont 0-0: Called Strike
0-1: Ball
1-1: Foul Ball, location: 2F
1-2: DOUBLE (Groundball, 3L, EV 102.5 MPH)
Pitching: RHP B.J. Barth
Batting: SHB Oliver Pineda 0-0: Ball
1-0: Ball
2-0: Ball
3-0: Called Strike
3-1: Foul Ball, location: 2F
3-2: Foul Ball, location: 2F
3-2: Fly out, F6 (Popup, 6MS, EV 74.4 MPH)
Batting: RHB Alex Johnson 0-0: Called Strike
0-1: Ball
1-1: Ball
2-1: Called Strike
2-2: Foul Ball, location: 2F
2-2: Fly out, F8 (Flyball, 8RD, EV 92.5 MPH)
Batting: RHB Alberto Torres 0-0: Called Strike
0-1: Called Strike
0-2: SINGLE (Groundball, 6D, EV 108.8 MPH)
Patrick D'Autremont to third
Runner from 3rd tries for Home, SAFE, throw by LF to home
Batting: RHB Eric McLearn 0-0: Ball
1-0: Called Strike
1-1: Fly out, F8 (Flyball, 8RD, EV 95.6 MPH)
Top of the 8th over - 1 run, 2 hits, 0 errors, 1 left on base; Modesto 5 - Visalia 0
BOTTOM OF THE 8TH
Visalia Rawhide batting - Pitching for Modesto Nuts : RHP Carlos Alanis
Batting: LHB Gator Goforth 0-0: Ball
1-0: Called Strike
1-1: Ground out 3-1 (Groundball, 34S, EV 90.0 MPH)
Batting: RHB Daniel Franzen 0-0: Called Strike
0-1: Fly out, F7 (Flyball, 7LM, EV 81.9 MPH)
Batting: LHB Rich Blanco 0-0: Called Strike
0-1: Ground out 4-3 (Groundball, 34D, EV 79.4 MPH)
Bottom of the 8th over - 0 runs, 0 hits, 0 errors, 0 left on base; Modesto 5 - Visalia 0
TOP OF THE 9TH
Modesto Nuts batting - Pitching for Visalia Rawhide : RHP B.J. Barth
Batting: SHB Julian Estrella 0-0: Ball
1-0: Foul Ball, location: 2F
1-1: DOUBLE (Line Drive, 7LD, EV 110.0 MPH)
Batting: LHB Luis Zapata 0-0: Foul Ball, location: 2F
0-1: Foul Ball, location: 2F
0-2: Ball
1-2: DOUBLE (Line Drive, 9LS, EV 107.5 MPH)
Julian Estrella scores
Batting: SHB Christian Robinson 0-0: Ball
1-0: Ball
2-0: Ball
3-0: Foul Ball, location: 2F
3-1: Base on Balls
Pitching: RHP Mark Rago
Batting: RHB Leonardo Castillo 0-0: Ball
1-0: Called Strike
1-1: Ball
2-1: 3-RUN HOME RUN (Flyball, 9LD, EV 93.1 MPH), Distance : 348 ft
Batting: SHB Patrick D'Autremont 0-0: Foul Ball, location: 2F
0-1: Ball
1-1: SOLO HOME RUN (Line Drive, 9LD, EV 95.0 MPH), Distance : 337 ft
Batting: SHB Oliver Pineda 0-0: Ball
1-0: Ball
2-0: Swinging Strike
2-1: Ball
3-1: Called Strike
3-2: Base on Balls
Batting: RHB Alex Johnson 0-0: Swinging Strike
0-1: DOUBLE (Line Drive, 5D, EV 97.5 MPH)
Oliver Pineda to third
Batting: RHB Alberto Torres 0-0: Called Strike
0-1: Ground out 6-3 (Groundball, 6, EV 97.5 MPH)
Oliver Pineda scores
Batting: RHB Eric McLearn 0-0: Ball
1-0: Ball
2-0: Ball
3-0: Base on Balls
Batting: SHB Julian Estrella 0-0: Fielders Choice at 2nd, 4-6 (Groundball, 4, EV 106.9 MPH)
Alex Johnson to third
Batting: LHB Luis Zapata 0-0: Called Strike
0-1: Fly out, F8 (Flyball, 78M, EV 90.6 MPH)
Top of the 9th over - 6 runs, 5 hits, 0 errors, 2 left on base; Modesto 11 - Visalia 0
BOTTOM OF THE 9TH
Visalia Rawhide batting - Pitching for Modesto Nuts : RHP Carlos Alanis
Batting: RHB Darrel Gunter 0-0: Ground out 4-3 (Groundball, 4S, EV 84.4 MPH)
Pinch Hitting: LHB Lukas Boler 0-0: Ball
1-0: Ball
2-0: Ground out U3 (Groundball, 3, EV 86.2 MPH)
Batting: RHB Killian Goode 0-0: Ball
1-0: Ball
2-0: SINGLE (Line Drive, 8LS, EV 107.5 MPH)
Batting: LHB Ashton Flower 0-0: Ball
1-0: Foul Ball, location: 2F
1-1: Foul Ball, location: 2F
1-2: Reached on error, E6 (Groundball, 6, EV 80.0 MPH)
Killian Goode to second
Batting: RHB T.J. Mercado 0-0: Fly out, F7 (Flyball, 78D, EV 103.1 MPH)
Bottom of the 9th over - 0 runs, 1 hit, 1 error, 2 left on base; Modesto 11 - Visalia 0
Saturday, March 22nd , 2025 - OOTP Baseball 25.11 Build 104